 Dungeon Crawl Stone Soup version 0.28-a0-479-g5baa6b73be (webtiles) character file.

Game seed: 2329227739231961235

574 tatocazan the Chopper (level 7, -2/55 HPs)
             Began as a Demonspawn Fighter on Sept 17, 2021.
             Killed by nerve-wracking pain
             ... invoked by Menkaure
              (11 damage)
             ... on level 4 of the Dungeon.
             The game lasted 00:04:00 (3694 turns).

tatocazan the Chopper (Demonspawn Fighter)          Turns: 3694, Time: 00:04:01

Health: -2/55      AC:  9    Str: 19    XL:     7   Next: 12%
Magic:  7/7        EV:  9    Int:  9    God:
Gold:   154        SH:  6    Dex: 20    Spells: 6/6 levels left

rFire   . . .      SeeInvis .   a - +0 war axe
rCold   . . .      Faith    .   c - +0 buckler
rNeg    . . .      Spirit   .   b - +0 scale mail
rPois   .          Reflect  .   (helmet restricted)
rElec   .          Harm     .   e - +0 cloak
rCorr   .          Rampage  .   (no gloves)
Will    .....                   n - +0 pair of boots
Stlth   +.........              (no amulet)
HPRegen 0.18/turn               s - +6 ring of dexterity
MPRegen 0.10/turn               (no ring)

@: no status effects
A: antennae 2, thin skeletal structure 1, powered by death 1, spiny 1
a: no special abilities


You were on level 4 of the Dungeon.
You visited 1 branch of the dungeon, and saw 4 of its levels.

You collected 154 gold pieces.

Inventory:

Hand Weapons
 a - a +0 war axe (weapon)
 r - a +0 whip of pain
Armour
 b - a +0 scale mail (worn)
 c - a +0 buckler (worn)
 e - a +0 cloak (worn)
 n - a +0 pair of boots (worn)
Jewellery
 s - a +6 ring of dexterity (left hand)
Scrolls
 d - a scroll of noise {unknown}
 h - a scroll of fear {unknown}
 i - 3 scrolls of enchant armour {unknown}
 k - a scroll of enchant weapon {unknown}
 l - 2 scrolls of holy word {unknown}
 m - a scroll of magic mapping {unknown}
 o - a scroll of immolation {unknown}
 q - a scroll of vulnerability {unknown}
 t - a scroll of teleportation {unknown}
 v - a scroll of identify {unknown}
Potions
 f - 2 potions of lignification {unknown}
 g - 2 potions of curing {unknown}
 j - 2 potions of flight {unknown}
 p - a potion of heal wounds {unknown}
 u - a potion of invisibility {unknown}
 w - a potion of cancellation {unknown}
 x - 2 potions of attraction {unknown}


   Skills:
 + Level 4.5 Fighting
 * Level 4.6 Axes
 + Level 4.1 Armour
 + Level 4.1 Shields


You had 6 spell levels left.
You didn't know any spells.
Your spell library contained the following spells:

 Spells                   Type           Power      Damage    Failure   Level
 Corpse Rot               Necr/Air       N/A        N/A       87%         2
 Dispel Undead            Necr           0%         3d6       100%        4
 Death Channel            Necr           0%         N/A       100%        6


Dungeon Overview and Level Annotations

Branches:
Dungeon (4/15)
 Temple: D:4-7

Altars:
Nemelex Xobeh
The Shining One

Annotations:
D:4 Menkaure


Innate Abilities, Weirdness & Mutations

You have a pair of antennae on your head.
You have a somewhat thin skeletal structure. (Dex +2, Stealth+)
You regenerate a little health from kills.
You are partially covered in sharp spines.


Message History

You take 6 damage, and have 32/55 hp.
MP restored: 7 You start resting.
You start resting.
HP restored.
Health restored: 55 You now have 134 gold pieces (gained 10).
You now have 144 gold pieces (gained 10).
Found 25 sling bullets.
v - a scroll labelled VOUF AVEOMUE You sense a monster nearby.
w - a cyan potion
x - 2 green potions
l - 2 scrolls labelled TAESI XYOZA (gained 1)
You sense a monster nearby.
You now have 154 gold pieces (gained 10).
Menkaure, Prince of Dust comes into view.
Found a robe.
Menkaure shouts!
Menkaure is nearby!
Menkaure calls on the powers of darkness!
Your body is wracked with pain!
You take 26 damage, and have 29/55 hp.
MASSIVE DAMAGE!!
You are too injured to fight recklessly!
You are too injured to fight recklessly!
You are too injured to fight recklessly!
You hit Menkaure but do no damage.
Menkaure gestures wildly while chanting.
Menkaure seems to speed up.
You hit Menkaure but do no damage. Menkaure is struck by your spines.
Menkaure barely misses you. Menkaure is struck by your spines.
Menkaure hits you!!
* * * LOW HITPOINT WARNING * * *
You take 20 damage, and have 9/55 hp.
MASSIVE DAMAGE!!
You hit Menkaure but do no damage.
Menkaure is moderately damaged.
Menkaure shouts, "The sands of time shall wipe you from history!"
Menkaure gestures at you while chanting.
Pain shoots through your body!
You die...

### #.. #.# #.#
####.# #....# #@#.##
#M#.# #.#.# ###.#.##
#...#..## ##
#.####..#.# #. .# #.#
##.#.# ... ..
#######.#####.#.##.#
#.
##.....#..<....#....#


You could see Menkaure (fast).

Vanquished Creatures
  Grinder (D:4)
  A necrophage (D:2)
  An ogre (D:3)
  A jelly (D:3)
  An orc priest (D:3)
  An iguana (D:3)
  Terence (D:2)
  An orc wizard (D:3)
  2 adders (D:2)
  2 worms
  4 dart slugs
  6 orcs (D:3)
  4 ball pythons
  6 endoplasms
  4 giant cockroaches
  4 goblins
  6 hobgoblins
  A quokka (D:1)
  4 bats
  2 frilled lizards
  8 kobolds
  3 rats
64 creatures vanquished.

Notes
Turn   | Place    | Note
-------+----------+-------------------------------------------
     0 | D:1      | tatocazan the Demonspawn Fighter began the quest for the
                  | Orb.
     0 | D:1      | Reached XP level 1. HP: 18/18 MP: 1/1
   170 | D:1      | Gained mutation: You have a pair of small antennae on your
                  | head. [demonic ancestry]
   170 | D:1      | Reached XP level 2. HP: 14/24 MP: 2/2
  1086 | D:2      | Gained mutation: You have a somewhat thin skeletal
                  | structure. (Dex +2, Stealth+) [demonic ancestry]
  1086 | D:2      | Reached XP level 3. HP: 27/29 MP: 3/3
  1107 | D:2      | Found a faded altar of an unknown god.
  1291 | D:2      | Noticed Terence
  1302 | D:2      | Killed Terence
  1659 | D:2      | Reached XP level 4. HP: 34/35 MP: 4/4
  2336 | D:3      | Noticed a necrophage
  2416 | D:3      | Noticed an ogre
  2436 | D:2      | Killed a necrophage
  2437 | D:2      | Gained mutation: You have a pair of antennae on your head.
                  | [demonic ancestry]
  2437 | D:2      | Reached XP level 5. HP: 42/42 MP: 5/5
  2805 | D:3      | Gained mutation: You are partially covered in sharp spines.
                  | [demonic ancestry]
  2805 | D:3      | Reached XP level 6. HP: 35/48 MP: 6/6
  3381 | D:3      | Found a sparkling altar of Nemelex Xobeh.
  3470 | D:4      | Noticed Grinder
  3493 | D:4      | Paralysed by Grinder for 2 turns
  3502 | D:4      | Killed Grinder
  3503 | D:4      | Gained mutation: You regenerate a little health from kills.
                  | [demonic ancestry]
  3503 | D:4      | Reached XP level 7. HP: 32/55 MP: 7/7
  3690 | D:4      | Noticed Menkaure
  3694 | D:4      | Killed from afar by Menkaure

Illustrated notes

Levels and vault maps discovered:
D:1:      mainiacjoe_arrival_reflecting_pool, layout_loops_ring, minivault_27
D:2:      layout_basic, hellmonk_ecumenical_altar_arch_garden, uniq_terence
D:3:      layout_basic, mainiacjoe_overflow_small_starburst,
          mainiacjoe_overflow_24_doors
D:4:      layout_rooms, nicolae_gozag_cash_rules_everything_around_me,
          temple_pool_b, uniq_menkaure, uniq_grinder

Skill      XL: |  1  2  3  4  5  6 |
---------------+-------------------+-----
Axes           | 2 3 4 |  4.6
Shields        | 3 4 |  4.1
Armour         | 3 4 |  4.1
Fighting       | 4 |  4.5

Action                   |  1- 3 |  4- 6 |  7- 9 || total
-------------------------+-------+-------+-------++-------
Melee: War axe           |    76 |   100 |     3 ||   179
  Use: Potion            |       |     1 |       ||     1
Armor: Scale mail        |    31 |    36 |       ||    67
Dodge: Dodged            |    24 |    54 |     1 ||    79
Block: Buckler           |    15 |    34 |       ||    49

Table legend: (Time is in decaauts)
 A = Elapsed time spent in this place.
 B = Non-inter-level travel time spent in this place.
 C = Inter-level travel time spent in this place.
 D = Time resting spent in this place.
 E = Time spent auto-exploring this place.
 F = Levels seen in this place.
 G = Mean time per level.
                   A        B        C        D        E       F      G
               +--------+--------+--------+--------+--------+-----+--------+
         Total |   3762 |   3593 |    169 |    889 |   2126 |   4 |  940.5 |
       Dungeon |   3762 |   3593 |    169 |    889 |   2126 |   4 |  940.5 |
               +--------+--------+--------+--------+--------+-----+--------+

Top non-repeatable levels by time:
     D:2: 1639 daAuts
     D:1: 1029 daAuts
     D:3: 836 daAuts
     D:4: 256 daAuts
